 Dungeon Crawl Stone Soup version 0.26-a0-466-g989023bd0d (webtiles) character file.

Game seed: 5580149241554039788

196 jt the Cudgeler (level 5, 0/43 HPs)
             Began as a Palentonga Delver on Aug 7, 2020.
             Was an Initiate of Makhleb.
             Slain by an orc
             ... wielding a +0 war axe
              (5 damage)
             ... on level 3 of the Dungeon.
             The game lasted 00:10:37 (3252 turns).

jt the Cudgeler (Palentonga Delver)                 Turns: 3252, Time: 00:10:37

Health: 0/43       AC:  4    Str: 16    XL:     5   Next: 46%
Magic:  5/5        EV: 10    Int: 10    God:    Makhleb [......]
Gold:   152        SH:  0    Dex: 12    Spells: 4/4 levels left

rFire    . . .     SeeInvis +   a - +0 flail
rCold    . . .     Faith    .   (no shield)
rNeg     . . .     Spirit   .   b - +0 leather armour
rPois    .         Reflect  .   (no helmet)
rElec    .         Harm     .   (no cloak)
rCorr    .                      (no gloves)
MR       .....                  (boots restricted)
Stlth    +++.......             (no amulet)
HPRegen  0.14/turn              y - ring of stealth
MPRegen  0.09/turn              (no ring)

@: no status effects
A: large, rugged brown scales 3, see invisible, deformed body, roll, armoured
tail
a: Rolling Charge, Renounce Religion


You were on level 3 of the Dungeon.
You worshipped Makhleb.
Makhleb was noncommittal.
You visited 1 branch of the dungeon, and saw 5 of its levels.

You collected 152 gold pieces.

Inventory:

Hand Weapons
 a - a +0 flail (weapon)
 l - a +2 vorpal falchion
 n - a +2 short sword of venom
 q - a +0 spear
 u - a +0 mace
 B - a +0 halberd
Missiles
 m - 37 sling bullets
 w - 43 stones
 z - 5 poisoned darts (quivered)
Armour
 b - a +0 leather armour (worn)
Jewellery
 y - a ring of stealth (left hand)
Wands
 g - a wand of digging (3)
Scrolls
 c - 3 scrolls of fog
 d - 3 scrolls of magic mapping
 e - a scroll of fear
 h - a scroll of teleportation {unknown}
 i - a scroll of identify {unknown}
 k - a scroll of remove curse {unknown}
 p - 2 scrolls of random uselessness {unknown}
 r - a scroll of blinking {unknown}
 A - 2 scrolls of enchant weapon {unknown}
Potions
 f - a potion of haste
 j - a potion of stabbing {unknown}
 o - a potion of cancellation {unknown}
 s - a potion of curing {unknown}
 t - a potion of degeneration {unknown}
 v - 2 potions of invisibility {unknown}
 x - a potion of mutation {unknown}
 C - a potion of flight {unknown}


   Skills:
 + Level 3.4 Fighting
 + Level 4.2 Maces & Flails
 + Level 0.7 Throwing
 + Level 1.4 Armour
 + Level 1.9 Dodging
 + Level 3.6 Stealth


You had 4 spell levels left.
You didn't know any spells.
Your spell library contained the following spells:

 Spells                   Type           Power        Failure   Level
 Confusing Touch          Hex            #.......     80%         3
 Gell's Gravitas          Tloc           #.........   80%         3
 Petrify                  Tmut/Erth      #.......     99%         4
 Metabolic Englaciation   Hex/Ice        #.........   100%        5
 Yara's Violent Unravell  Hex/Tmut       #.........   100%        5


Dungeon Overview and Level Annotations

Branches:
Dungeon (5/15)
 Temple: D:4-7

Altars:
Makhleb


Innate Abilities, Weirdness & Mutations

You are completely covered in rugged brown scales. (AC +3, +7% HP)
You have supernaturally acute eyesight. (SInv)
Armour fits poorly on your strangely shaped body.
You can roll at foes to attack.
You have a long armoured tail.


Message History

The orc priest is almost dead.
The orc hits you. The orc misses you. The orc priest closely misses you.
The orc closely misses you.
You barely miss the orc priest.
The orc priest is severely wounded.
The orc barely misses you.
The orc priest hits you with a +0 short sword.
The orc hits you.
* * * LOW HITPOINT WARNING * * *
Unknown command.
You sock the orc priest!
You kill the orc priest!
Makhleb accepts your kill.
Your Maces & Flails skill increases to level 4!
The orc hits you with a +0 war axe.
* * * LOW HITPOINT WARNING * * *
The orc hits you but does no damage. The orc barely misses you.
The orc hits you but does no damage. The orc hits you with a +0 war axe.
You die...

.............# #..
######...........#############
..............................
#..............#############
#..[...†.....# #............#
#...###+############
#...###.##.........#
+........@o........' .
#...######o........# . #####
#.........# #. ###.).....#
#.......# #.......# #.......+
##......# #######


You could see 2 orcs.

Vanquished Creatures
  An orc priest (D:3)
  4 gnolls
  5 adders
  2 oozes
  2 worms (D:2)
  2 dart slugs (D:1)
  2 leopard geckos (D:2)
  5 bats
  4 giant cockroaches
  2 goblins
  7 hobgoblins
  6 jackals
  7 kobolds
  A quokka (D:2)
  A ball python (D:2)
  5 frilled lizards
  A leopard gecko zombie (D:4)
  12 rats
69 creatures vanquished.

Notes
Turn   | Place    | Note
-------+----------+-------------------------------------------
     0 | D:5      | jt the Palentonga Delver began the quest for the Orb.
     0 | D:5      | Reached XP level 1. HP: 19/19 MP: 1/1
   230 | D:1      | Reached XP level 2. HP: 22/25 MP: 2/2
   690 | D:1      | Reached XP level 3. HP: 25/31 MP: 3/3
  1475 | D:2      | Reached skill level 3 in Maces & Flails
  1704 | D:1      | Reached skill level 1 in Armour
  1704 | D:1      | Reached XP level 4. HP: 21/37 MP: 4/4
  2598 | D:2      | Reached XP level 5. HP: 39/43 MP: 5/5
  2843 | D:2      | Found a burning altar of Makhleb.
  2843 | D:2      | Noticed a blizzard demon
  2846 | D:2      | Noticed a neqoxec
  2846 | D:2      | Noticed a smoke demon
  2848 | D:2      | Became a worshipper of Makhleb the Destroyer
  3249 | D:3      | Reached skill level 4 in Maces & Flails
  3252 | D:3      | Slain by an orc

Illustrated notes

Levels and vault maps discovered:
D:1:      dpeg_arrival_rooms_b, layout_loops_ring, hex_tiny
D:2:      layout_rooms, makhleb_altar_promises_db, guppyfry_early_lair_pool
D:3:      layout_basic, marbit_many_paths, uniq_sigmund, uniq_ijyb
D:4:      layout_cave_pods, old_standard_altar, serial_shops, shop,
          roderic_lattice_a, chequers_serial_rivers_micro_b, uniq_menkaure
D:5:      layout_loops_corners, uniq_prince_ribbit1

Skill      XL: |  1  2  3  4  5 |
---------------+----------------+-----
Maces & Flails | 3 4 |  4.2
Armour         | 1 |  1.4
Fighting       | |  3.4
Throwing       | |  0.7
Dodging        | |  1.9
Stealth        | |  3.6

Action                   |  1- 3 |  4- 6 || total
-------------------------+-------+-------++-------
Melee: Mace              |   138 |     5 ||   143
       Tailslap          |     3 |    11 ||    14
       Flail             |       |    82 ||    82
Throw: Dart              |     7 |     5 ||    12
       Stone             |     1 |    16 ||    17
 Abil: Rolling Charge    |    32 |    20 ||    52
  Use: Scroll            |       |     1 ||     1
Armor: Leather armour    |    45 |    40 ||    85
Dodge: Dodged            |    76 |    54 ||   130

Table legend: (Time is in decaauts)
 A = Elapsed time spent in this place.
 B = Non-inter-level travel time spent in this place.
 C = Inter-level travel time spent in this place.
 D = Time resting spent in this place.
 E = Time spent auto-exploring this place.
 F = Levels seen in this place.
 G = Mean time per level.
                   A        B        C        D        E       F      G
               +--------+--------+--------+--------+--------+-----+--------+
         Total |   3319 |   3122 |    197 |   1433 |    709 |   5 |  663.8 |
       Dungeon |   3319 |   3122 |    197 |   1433 |    709 |   5 |  663.8 |
               +--------+--------+--------+--------+--------+-----+--------+

Top non-repeatable levels by time:
     D:1: 1884 daAuts
     D:2: 1019 daAuts
     D:3: 259 daAuts
     D:4: 137 daAuts
     D:5: 18 daAuts
